 Dungeon Crawl Stone Soup version 0.30-a0-159-g068b764562 (webtiles) character file.

Game seed: 5287382432763541925

51 Iusername the Covered (level 3, 0/33 HPs)
             Began as a Minotaur Fighter on Sept 27, 2022.
             Slain by Crazy Yiuf
             ... wielding a +4 quarterstaff of chaos
              (7 damage)
             ... on level 2 of the Dungeon.
             The game lasted 00:00:36 (931 turns).

Iusername the Covered (Minotaur Fighter)             Turns: 931, Time: 00:00:37

Health: 0/33       AC:  7    Str: 22    XL:     3   Next: 57%
Magic:  2/2        EV:  9    Int:  5    God:
Gold:   30         SH:  4    Dex:  9    Spells: 2/2 levels left

rFire   . . .      SeeInvis .    a - +0 war axe
rCold   . . .      Faith    .    c - +0 buckler
rNeg    . . .      Spirit   .    b - +0 scale mail
rPois   .          Reflect  .    (helmet restricted)
rElec   .          Harm     .    (no cloak)
rCorr   .          Rampage  .    (no gloves)
Will    .....                    (no boots)
Stlth   ..........               (no amulet)
HPRegen 0.11/turn                (no ring)
MPRegen 0.08/turn                (no ring)

@: no status effects
A: horns 2, retaliatory headbutt
a: no special abilities


You were on level 2 of the Dungeon.
You visited 1 branch of the dungeon, and saw 2 of its levels.

You collected 30 gold pieces.

Inventory:

Hand Weapons
 a - a +0 war axe (weapon)
Armour
 b - a +0 scale mail (worn)
 c - a +0 buckler (worn)
Jewellery
 e - a ring of willpower
Wands
 k - a wand of flame (14)
Scrolls
 g - a scroll of vulnerability {unknown}
 h - a scroll of noise {unknown}
 i - 3 scrolls of teleportation {unknown}
Potions
 d - a potion of might
 f - a potion of invisibility {unknown}
 j - a potion of heal wounds {unknown}
 l - 2 potions of curing {unknown}


   Skills:
 + Level 4.1 Fighting
 + Level 3.0 Axes
 + Level 4.4 Armour
 + Level 4.1 Shields


You had 2 spell levels left.
You didn't know any spells.
Your spell library contained the following spells:

 Spells                   Type           Power      Damage    Failure   Level
 Apportation              Tloc           0%         N/A       87%         1
 Necrotise                Necr           0%         1d4       87%         1
 Summon Small Mammal      Summ           0%         N/A       87%         1
 Call Canine Familiar     Summ           0%         N/A       99%         3
 Summon Guardian Golem    Hex/Summ       0%         N/A       99%         3


Dungeon Overview and Level Annotations

Branches:
Dungeon (2/15)

Altars:

Annotations:
D:2 Crazy Yiuf


Innate Abilities, Weirdness & Mutations

You have a pair of horns on your head.
You reflexively headbutt those who attack you in melee.


Message History

There are monsters nearby!
Unknown command.
You slash the frilled lizard!
You kill the frilled lizard!
Your Axes skill increases to level 3!
A ball python is nearby!
The ball python barely misses you. x2; The ball python closely misses you.
The ball python barely misses you.
Unknown command.
A ball python is nearby!
You hit the ball python. Your headbutt misses the ball python.
The ball python is moderately wounded.
The ball python bites you but does no damage.
The ball python grabs you. The ball python constricts you.
A ball python is nearby!
Unknown command.
You hit the ball python but do no damage.
You headbutt the ball python.
You kill the ball python!
Found a hammer.
You now have 30 gold pieces (gained 8).
Unknown command.
No target in view!
You see here a +0 hammer.
Found four hammers.
Found a runed translucent door.
Unknown command.
Crazy Yiuf shouts!
You see here a +0 hammer.
Found a hammer.
No reachable target in view!
You open the door. You closely miss Crazy Yiuf.
Crazy Yiuf screams, "Tosser ragdoll childish!"
Crazy Yiuf hits you with a +4 quarterstaff of chaos!
You are electrocuted!!
Ouch! That really hurt!
* * * LOW HITPOINT WARNING * * *
You barely miss Crazy Yiuf.
Crazy Yiuf hits you with a +4 quarterstaff of chaos!
You die...

#.......##
###....#
##.....##
#....#
##...##
♣PP..♣
####.##
♣.P.♣♣
......######
♣♣)♣♣
####.......#
♣.♣♣
..##(#######
♣♣)♣
#.##.......#
♣.♣♣
#.####.#####
♣♣@♣ #.#
#.<....# #g#
#.# ##.#####
.)) #.# #.#
#)).# #.#
#.# #..)#
#.# #.#
##### #.#
#.# ..# #.#
######.#


You could see Crazy Yiuf.

Vanquished Creatures
  Jessica (D:2)
  2 endoplasms (D:1)
  3 goblins (D:1)
  5 hobgoblins (D:1)
  A quokka (D:1)
  7 ball pythons
  A frilled lizard (D:2)
  2 rats
22 creatures vanquished.

Notes
Turn   | Place    | Note
-------+----------+-------------------------------------------
     0 | D:1      | Iusername the Minotaur Fighter began the quest for the Orb.
     0 | D:1      | Reached XP level 1. HP: 19/19 MP: 0/0
   139 | D:1      | Reached XP level 2. HP: 27/27 MP: 1/1
   734 | D:2      | Noticed Jessica
   736 | D:2      | Killed Jessica
   737 | D:2      | Reached XP level 3. HP: 33/33 MP: 2/2
   925 | D:2      | Found a runed translucent door.
   926 | D:2      | Noticed Crazy Yiuf
   931 | D:2      | Slain by Crazy Yiuf

Illustrated notes

Levels and vault maps discovered:
D:1:      ncdulo_smallfort, layout_loops_ring
D:2:      layout_loops_ring, uniq_robin, uniq_jessica, uniq_crazy_yiuf_cottage

Skill      XL: |  1  2  3 |
---------------+----------+-----
Shields        | 4 |  4.1
Armour         | 4 |  4.4
Fighting       | 4 |  4.1
Axes           | 3 |  3.0

Action                   || total
-------------------------++-------
Melee: War axe           ||    39
       Headbutt          ||     5
Armor: Scale mail        ||    12
Dodge: Dodged            ||    16
Block: Buckler           ||     9

Table legend: (Time is in decaauts)
 A = Elapsed time spent in this place.
 B = Non-inter-level travel time spent in this place.
 C = Inter-level travel time spent in this place.
 D = Time resting spent in this place.
 E = Time spent auto-exploring this place.
 F = Levels seen in this place.
 G = Mean time per level.
                   A        B        C        D        E       F      G
               +--------+--------+--------+--------+--------+-----+--------+
         Total |    946 |    946 |      0 |      0 |    799 |   2 |  473.0 |
       Dungeon |    946 |    946 |      0 |      0 |    799 |   2 |  473.0 |
               +--------+--------+--------+--------+--------+-----+--------+

Top non-repeatable levels by time:
     D:1: 745 daAuts
     D:2: 201 daAuts
